 Dungeon Crawl Stone Soup version 0.28.0-45-g0d030f2227 (webtiles) character file.

Game seed: 1666757425843723563

51 Icy37 the Slasher (level 3, -3/28 HPs)
             Began as a Barachi Warper on Apr 7, 2022.
             Slain by an adder (4 damage)
             ... on level 2 of the Dungeon.
             The game lasted 00:04:59 (1744 turns).

Icy37 the Slasher (Barachi Warper)                  Turns: 1744, Time: 00:05:00

Health: -3/28      AC:  5    Str: 13 (14) XL:     3   Next: 83%
Magic:  6/6        EV: 10    Int: 11 (13) God:
Gold:   65         SH:  0    Dex:  9 (11) Spells: 4/6 levels left

rFire   . . .      SeeInvis .   a - +0 falchion
rCold   . . .      Faith    .   (no shield)
rNeg    . . .      Spirit   .   g - +0 ring mail
rPois   .          Reflect  .   (no helmet)
rElec   .          Harm     .   (no cloak)
rCorr   .          Rampage  .   (no gloves)
Will    .....                   (no boots)
Stlth   ..........              (no amulet)
HPRegen 0.09/turn               (no ring)
MPRegen 0.10/turn               (no ring)

@: lethally poisoned (-3 -> -6), about to teleport, attractive, flying, slow
A: amphibious, slowness 1, strong legs 1, +LOS
a: Hop


You were on level 2 of the Dungeon.
You visited 1 branch of the dungeon, and saw 2 of its levels.

You collected 65 gold pieces.

Inventory:

Hand Weapons
 a - a +0 falchion (weapon)
Missiles
 d - 5 boomerangs of dispersal (quivered)
Armour
 b - a +0 leather armour
 g - a +0 ring mail (worn)
Jewellery
 k - a ring of wizardry
 l - a +6 ring of dexterity
Scrolls
 c - a scroll of blinking
 h - a scroll of teleportation
Potions
 f - a potion of degeneration


   Skills:
 - Level 2.4 Fighting
 + Level 4.2 Long Blades
 - Level 1.0 Throwing
 - Level 1.2 Armour
 - Level 2.1 Dodging
 - Level 2.1 Spellcasting
 + Level 4.0 Translocations


You had 4 spell levels left.
You knew the following spells:

 Your Spells              Type           Power      Damage    Failure   Level
a - Blink                 Tloc           20%        N/A       19%         2

Your spell library contained the following spells:

 Spells                   Type           Power      Damage    Failure   Level
 Gell's Gravitas          Tloc           10%        N/A       34%         3
 Lesser Beckoning         Tloc           10%        N/A       34%         3
 Teleport Other           Tloc           10%        N/A       34%         3
 Magic Dart               Conj           4%         1d3       52%         1
 Call Imp                 Summ           1%         N/A       67%         2
 Mephitic Cloud           Conj/Pois/Air  1%         N/A       88%         3
 Manifold Assault         Tloc           10%        N/A       97%         5


Dungeon Overview and Level Annotations

Branches:
Dungeon (2/15)

Altars:


Innate Abilities, Weirdness & Mutations

You are amphibious.
You cover ground slowly.
You can hop short distances.
You have an extended range of vision and can be seen from far away.


Message History

You barely miss the adder.
The adder is severely wounded.
The adder bites you.
You are poisoned.
The adder poisons you! The adder bites you.
You hit the adder but do no damage.
The adder is severely wounded.
You feel sick. The adder bites you but does no damage.
It was a potion of degeneration.
There was something very wrong with that liquid.
You feel weakened.
You feel dopey.
You feel clumsy.
You feel sick. The adder barely misses you.
It was a potion of flight.
You feel very buoyant.
You fly up into the air.
You feel sick. The adder bites you.
* * * LOW HITPOINT WARNING * * *
You are lethally poisoned!
The adder poisons you!
It was a potion of attraction.
You feel attractive to monsters.
* * * LOW HITPOINT WARNING * * *
You feel sick. The adder closely misses you.
The adder bites you but does no damage.
Okay, then.
As you read the scroll labelled ERAACU KISORR, it crumbles to dust.
The creatures around you are filled with an inner flame!
It was a scroll of immolation.
* * * LOW HITPOINT WARNING * * *
You feel sick. The adder closely misses you.
As you read the scroll labelled ELECLARUTZ, it crumbles to dust.
You feel strangely unstable.
It was a scroll of teleportation.
* * * LOW HITPOINT WARNING * * *
You feel sick. The adder bites you but does no damage.
Unknown command.
As you read the scroll labelled QOEBBE ELER, it crumbles to dust.
It is a scroll of identify.
You don't have any unidentified items.
* * * LOW HITPOINT WARNING * * *
You feel sick. The adder bites you.
You die...

#.# #...# ##
##.####># #.......#
#..####.#####
###....##.....######
...#...#.###.......
###.#..........#####
#.......###.## #
#@########...# # #S#
#...# # .S. #...# #
.#.## #...# ##
....## #...# ##. ..
..)#.#####...###..
...
..................
.#.
...................
#.#.
...................


You could see 2 adders.

Vanquished Creatures
  2 dart slugs (D:1)
  A ball python (D:2)
  3 endoplasms (D:1)
  A giant cockroach (D:1)
  3 goblins (D:1)
  4 hobgoblins
  8 jackals
  A kobold (D:1)
  4 quokkas (D:1)
  4 bats (D:1)
  4 frilled lizards
  6 rats (D:1)
41 creatures vanquished.

Notes
Turn   | Place    | Note
-------+----------+-------------------------------------------
     0 | D:1      | Icy37 the Barachi Warper began the quest for the Orb.
     0 | D:1      | Reached XP level 1. HP: 17/17 MP: 3/3
    78 | D:1      | Reached XP level 2. HP: 19/23 MP: 5/5
   193 | D:1      | Learned a level 2 spell: Blink
   780 | D:1      | Reached XP level 3. HP: 27/28 MP: 6/6
  1662 | D:2      | Found a faded altar of an unknown god.
  1744 | D:2      | HP: 1/28 [poisoned by an adder]
  1744 | D:2      | Slain by an adder

Illustrated notes

Levels and vault maps discovered:
D:1:      minmay_arrival_wavy_path, layout_basic
D:2:      layout_loops_cross, dreamdust_ecumenical_altar_angels_and_demons

Skill      XL: |  1  2  3 |
---------------+----------+-----
Long Blades    | 3 4 |  4.2
Translocations | 4 |  4.0
Fighting       | |  2.4
Throwing       | |  1.0
Armour         | |  1.2
Dodging        | |  2.1
Spellcasting   | |  2.1

Action                   || total
-------------------------++-------
Melee: Falchion          ||   165
       Punch             ||     3
 Abil: Hop               ||     1
  Use: Scroll            ||     3
       Potion            ||     3
Armor: Leather armour    ||    33
       Ring mail         ||    15
Dodge: Dodged            ||   127
